 Dungeon Crawl Stone Soup version 0.19-a0-47-g1fa3c7d (webtiles) character file.

3528 Eucla the Carver (level 10, -6/63 HPs)
             Began as an Octopode Fighter on May 6, 2016.
             Was a Priest of Dithmenos.
             Mangled by Maud
             ... wielding a +4 battleaxe of electrocution
              (36 damage)
             ... on level 11 of the Dungeon.
             The game lasted 00:13:23 (7486 turns).

Eucla the Carver (Octopode Fighter)                 Turns: 7486, Time: 00:13:23

Health: -6/63      AC:  6    Str: 15    XL:     10   Next: 8%
Magic:  10/10      EV: 11    Int: 19    God:    Dithmenos [***...]
Gold:   272        SH:  9    Dex: 18    Spells: 5 memorised, 1 level left

rFire  . . .     SeeInvis +     B - +1 falchion (protect)
rCold  + + +     Gourm    .     b - +0 shield
rNeg   . . .     Faith    .     (helmet restricted)
rPois  +         Spirit   .     o - amulet of rage
rElec  +         Dismiss  .     t - ring of Biesial {rF- rC+++ MR+ Int+8}
rCorr  +         Reflect  .     l - ring of see invisible (curse)
SustAt +         Harm     .     s - ring of resist corrosion
MR     +....                    A - +3 ring of dexterity
Stlth  +++.......               f - ring of sustain attributes
                                (no ring)
                                (no ring)
                                (no ring)

@: about to teleport, resistant, wreathed by umbra, somewhat resistant to
hostile enchantments, fairly stealthy
A: almost no armour, amphibious, 8 rings, constrict 8, camouflage 1, gelatinous
body 1
a: Shadow Step, Renounce Religion, Evoke Berserk Rage


You were on level 11 of the Dungeon.
You worshipped Dithmenos.
Dithmenos was most pleased with you.
You were completely stuffed.

You visited 1 branch of the dungeon, and saw 9 of its levels.
You also visited: Sewer.

You collected 477 gold pieces.
You spent 205 gold pieces at shops.

Inventory:

Hand Weapons
 a - a +0 long sword
 B - a +1 falchion of protection (weapon)
Missiles
 r - 39 poisoned needles
 J - a throwing net (quivered)
Armour
 b - a +0 shield (worn)
Jewellery
 f - a ring of sustain attributes (on tentacle)
 l - a cursed ring of see invisible (right tentacle)
 o - an amulet of rage (around mantle)
 q - an uncursed amulet of dismissal
 s - a ring of resist corrosion (on tentacle)
 t - the ring of Biesial (left tentacle) {rF- rC+++ MR+ Int+8}
   (You found it on level 4 of the Dungeon)

   [ring of protection from magic]

   It affects your intelligence (+8).
   It makes you vulnerable to fire.
   It renders you almost immune to cold.
   It affects your resistance to hostile enchantments.
 A - a +3 ring of dexterity (on tentacle)
Wands
 i - a wand of paralysis (9/24)
 v - a wand of iceblast (9/15)
 w - a wand of acid (6/15)
 y - a wand of iceblast (6/15)
 E - a wand of enslavement (9/24)
 Q - a wand of teleportation (0/9)
Scrolls
 e - 5 scrolls of teleportation
 g - 3 scrolls of remove curse
 n - a scroll of immolation
 p - a scroll of recharging
 x - 3 scrolls of enchant weapon
 D - a scroll of magic mapping
 F - a scroll of silence
 R - a scroll of enchant armour
Potions
 c - a potion of brilliance
 h - a potion of lignification
 z - a potion of flight
 C - 2 potions of invisibility
Books
 j - Sif Muna's Almanac of the Glacier
   (You found it on level 8 of the Dungeon)

   Spells                             Type                      Level
   a - Freeze                         Ice                          1
 H - a book of Cantrips

   Spells                             Type                      Level
   a - Corona                         Hexes                        1
   b - Animate Skeleton               Necromancy                   1
   c - Summon Small Mammal            Summoning                    1
   d - Apportation                    Translocation                1
 N - a book of Minor Magic

   Spells                             Type                      Level
   a - Magic Dart                     Conjuration                  1
   b - Blink                          Translocation                2
   c - Call Imp                       Summoning                    2
   d - Repel Missiles                 Charms/Air                   2
   e - Slow                           Hexes                        2
   f - Conjure Flame                  Conjuration/Fire             3
   g - Mephitic Cloud                 Conjuration/Poison/Air       3
 O - a book of Necromancy

   Spells                             Type                      Level
   a - Pain                           Necromancy                   1
   b - Animate Skeleton               Necromancy                   1
   c - Vampiric Draining              Necromancy                   3
   d - Regeneration                   Charms/Necromancy            3
   e - Animate Dead                   Necromancy                   4
   f - Control Undead                 Necromancy                   4
 P - a book of Power

   Spells                             Type                      Level
   a - Fulminant Prism                Conjuration/Hexes            4
   b - Iskenderun's Mystic Blast      Conjuration                  4
   c - Venom Bolt                     Conjuration/Poison           5
   d - Bolt of Magma                  Conjuration/Fire/Earth       5
   e - Iron Shot                      Conjuration/Earth            6
   f - Orb of Destruction             Conjuration                  7
   g - Spellforged Servitor           Conjuration/Summoning        7
Miscellaneous
 m - a disc of storms
Comestibles
 d - 9 bread rations
 M - a royal jelly


   Skills:
 - Level 3.0 Fighting
 + Level 13.6 Long Blades
 - Level 3.0 Dodging
 - Level 3.0 Shields


You had one spell level left.
You knew the following spells:

 Your Spells              Type           Power        Failure   Level  Hunger
a - Animate Skeleton      Necr           N/A          87%         1    ##.....
b - Apportation           Tloc           #.........   87%         1    ##.....
c - Magic Dart            Conj           #...         87%         1    ##.....
d - Mephitic Cloud        Conj/Pois/Air  #.......     100%        3    ####...
e - Blink                 Tloc           N/A          97%         2    ###....


Dungeon Overview and Level Annotations

Branches:
Dungeon (8/15)             Temple (0/1) D:7
   Lair: D:8-11

Altars:
Cheibriados
Dithmenos
Elyvilon
Fedhas
Nemelex Xobeh
Ru
Sif Muna
Trog
Yredelemnul
Zin
The Shining One

Shops:
D:8 *

Annotations:
D:11 Maud


Innate Abilities, Weirdness & Mutations

You cannot wear most types of armour.
You are amphibious.
You can wear up to eight rings at the same time.
You can use your tentacles to constrict eight enemies at once.
Your skin changes colour to match your surroundings (Stealth).
Your rubbery body absorbs attacks (AC +1).


Message History

Maud is moderately wounded.
You constrict Maud. You block the worker ant's attack.
You hit Maud but do no damage. You squeeze Maud, but do no damage.
Maud is moderately wounded.
You constrict Maud, but do no damage.
Maud screams, "Give me 'Entarex'!"
Maud barely misses you. You block the worker ant's attack.
Unknown command.
Evoke which item? (* to show all) (? for menu, Esc to quit)
You don't have any such object.
Evoke which item? (* to show all) (? for menu, Esc to quit)
Okay, then.
Evoke which item? (* to show all) (? for menu, Esc to quit)
Zapping:
Q - a wand of teleportation (1/9)
Press: ? - help, Shift-Dir - straight line, f - you You feel strangely unstable.
This wand has 0 charges left.
You constrict Maud. The worker ant closely misses you.
Maud hits you with a battleaxe of electrocution!!!
Ouch! That really hurt!
You die...

......... ..h..
#.......F .z..
#)y...... # #...
#...oyo.# #.#...
#.......# .....
#...o...# ...
#..o....# #.#####
#.@.y....
#ha@@H#####...####.
#####yyy##..#.#
###oool.#.#
##...CF..# #
#..#####...# #.##
#.#.#
###.######.###
#...#...C...
#..##........


You could see Maud, a cyclops, a hippogriff, an orc warrior, a giant frog, a
hound, a worker ant, 3 killer bees, an orc wizard, an orc and a giant gecko.

Vanquished Creatures
  Erica (D:8)
  Maurice (D:8)
  An orc warrior (D:7)
  An ice beast (D:5)
  2 ogres
  2 centaurs
  8 giant frogs
  2 scorpions
  3 wights (D:8)
  A howler monkey (D:4)
  A crimson imp (D:7)
  A centaur zombie (D:6)
  2 hounds
  A jelly (D:11)
  3 orc priests
  2 centaur skeletons
  2 giant frog skeletons
  2 iguanas
  Terence (D:3)
  Natasha (twice) (D:4)
  A worker ant (D:5)
  2 orc wizards (D:8)
  A hound skeleton (D:7)
  18 adders
  6 gnolls
  A shadow imp (D:5)
  11 oozes
  2 worms (D:2)
  2 dart slugs (D:1)
  16 giant geckos
  14 orcs
  5 bats
  15 giant cockroaches
  5 goblins
  9 hobgoblins
  10 jackals
  9 kobolds
  2 quokkas
  12 ball pythons (Sewer)
  A giant gecko skeleton (D:7)
  15 giant newts
  8 rats
204 creatures vanquished.

Vanquished Creatures (others)
  2 plants (D:11)
2 creatures vanquished.

Grand Total: 206 creatures vanquished

Notes
Turn   | Place    | Note
--------------------------------------------------------------
     0 | D:1      | Eucla the Octopode Fighter began the quest for the Orb.
     0 | D:1      | Reached XP level 1. HP: 16/16 MP: 1/1
   115 | D:1      | Reached XP level 2. HP: 9/21 MP: 2/2
   193 | D:1      | Reached skill level 3 in Long Blades
   930 | D:2      | Reached XP level 3. HP: 26/26 MP: 3/3
  1040 | D:2      | Reached skill level 4 in Long Blades
  1100 | D:2      | Reached XP level 4. HP: 16/31 MP: 4/4
  1497 | D:2      | Found a glowing silver altar of Zin.
  1563 | D:3      | Noticed Terence
  1572 | D:3      | Killed Terence
  1572 | D:3      | Reached skill level 5 in Long Blades
  1572 | D:3      | Reached XP level 5. HP: 16/36 MP: 5/5
  1860 | D:3      | Found a white marble altar of Elyvilon.
  1897 | D:3      | Found a shadowy altar of Dithmenos.
  2080 | D:3      | Found a sacrificial altar of Ru.
  2250 | D:4      | Got a transparent bronze ring
  2291 | D:4      | Noticed Natasha
  2295 | D:4      | Killed Natasha
  2295 | D:4      | Reached skill level 6 in Long Blades
  2295 | D:4      | Reached XP level 6. HP: 23/42 MP: 6/6
  2311 | D:4      | HP: 2/42 [ogre/giant club (20)]
  2365 | D:4      | Noticed Natasha
  2725 | D:4      | Reached skill level 7 in Long Blades
  2806 | D:4      | Reached XP level 7. HP: 31/46 MP: 7/7
  3121 | D:4      | Killed Natasha
  3320 | D:4      | Reached skill level 8 in Long Blades
  3553 | D:3      | Became a worshipper of Dithmenos the Shadowed
  3595 | D:5      | Entered Level 5 of the Dungeon
  3704 | D:5      | Found a glowing drain.
  3719 | Sewer    | Entered a sewer
  3763 | Sewer    | Reached * piety under Dithmenos
  4229 | Sewer    | Reached ** piety under Dithmenos
  4555 | Sewer    | Reached skill level 9 in Long Blades
  4555 | Sewer    | Reached XP level 8. HP: 33/52 MP: 8/8
  4684 | D:5      | Identified the ring of Biesial {rF- rC+++ MR+ Int+8} (You found it on level 4 of the Dungeon)
  5159 | D:5      | Found a glowing golden altar of the Shining One.
  5485 | D:6      | Found a snail-covered altar of Cheibriados.
  5509 | D:6      | Reached skill level 10 in Long Blades
  5599 | D:6      | Found a bloodstained altar of Trog.
  5741 | D:6      | Found a blossoming altar of Fedhas.
  6038 | D:7      | Reached skill level 11 in Long Blades
  6210 | D:7      | Reached XP level 9. HP: 56/56 MP: 9/9
  6324 | D:7      | Learned a level 1 spell: Animate Skeleton
  6326 | D:7      | Learned a level 1 spell: Apportation
  6365 | D:7      | Found a staircase to the Ecumenical Temple.
  6433 | D:7      | Learned a level 1 spell: Magic Dart
  6437 | D:7      | Learned a level 3 spell: Mephitic Cloud
  6440 | D:7      | Learned a level 2 spell: Blink
  6682 | D:7      | Reached *** piety under Dithmenos
  6747 | D:8      | Found a basalt altar of Yredelemnul.
  6748 | D:8      | Found a sparkling altar of Nemelex Xobeh.
  6964 | D:8      | Reached skill level 12 in Long Blades
  7099 | D:8      | Noticed Erica
  7117 | D:8      | Killed Erica
  7124 | D:8      | Noticed Maurice
  7139 | D:8      | Killed Maurice
  7139 | D:8      | Reached skill level 13 in Long Blades
  7165 | D:8      | Found Arazxis's General Store.
  7169 | D:8      | Found a deep blue altar of Sif Muna.
  7173 | D:8      | Bought a scroll of magic mapping for 35 gold pieces
  7173 | D:8      | Bought a scroll of silence for 75 gold pieces
  7173 | D:8      | Bought a scroll of enchant armour for 75 gold pieces
  7173 | D:8      | Bought a scroll of identify for 20 gold pieces
  7211 | D:8      | Identified Sif Muna's Almanac of the Glacier
  7250 | D:8      | You fall through a shaft for 3 floors!
  7274 | D:11     | Reached XP level 10. HP: 14/63 MP: 10/10
  7275 | D:11     | Noticed Maud
  7275 | D:11     | Noticed a cyclops
  7486 | D:11     | Mangled by Maud

Vault maps used:
D:1:      lightli_arrival_chessboard, interstate_on_off
D:2:      kennysheep_big_flooded_room, zin_statuary, wad_orctagon
D:3:      nicolae_ru_the_path_less_chosen, nicolae_overflow_hidden_temple,
          elyvilon_altar_5, uniq_terence
D:4:      uniq_natasha
D:5:      lemuel_coloured_pillars_altar, first_bread, portal_sewer_entry_f
D:6:      old_standard_altar, fedhas_altar_2, overflow_temple_1_default
D:7:      minmay_temple_entry_statues_pillars, grunt_decor_fettered,
          grunt_ogre_cave
D:8:      grunt_pakellas_basics, grunt_temple_overflow_open, led_sif_book,
          serial_shops, shop, grunt_decor_one_mirror, uniq_maurice, uniq_erica,
          uniq_pikel
D:11:     david_lair_shrubbed, uniq_maud, uniq_urug
Sewer:    sewer_frog_island_02

Skill      XL: |  1  2  3  4  5  6  7  8  9 |
---------------+----------------------------+-----
Long Blades    | 3 4 5 6 7 9 11 13 | 13.6
Fighting       | |  3.0
Dodging        | |  3.0
Shields        | |  3.0

Action                   |  1- 3 |  4- 6 |  7- 9 | 10-12 || total
-------------------------+-------+-------+-------+-------++-------
Melee: Long sword        |    45 |    86 |   186 |       ||   317
       Constrict         |    14 |    23 |    61 |     2 ||   100
       Tentacles         |    12 |    22 |    75 |     3 ||   112
       Falchion          |       |       |   149 |    42 ||   191
Evoke: Wand              |       |       |       |     1 ||     1
  Use: Potion            |       |     2 |     4 |     8 ||    14
       Scroll            |       |       |    16 |       ||    16
 Stab: Sleeping          |     2 |     6 |    22 |       ||    30
       Distracted        |       |       |       |     1 ||     1
  Eat: Chunk             |       |     4 |       |       ||     4
       Royal jelly       |       |     2 |       |       ||     2
       Beef jerky        |       |     1 |     7 |       ||     8
       Meat ration       |       |       |     1 |       ||     1
       Bread ration      |       |       |     1 |       ||     1
Armor: Skin              |     4 |     1 |    36 |    34 ||    75
Dodge: Dodged            |    17 |    32 |   116 |    14 ||   179
Block: Shield            |    18 |    41 |   121 |    25 ||   205
